AoeStats
← Mob Psycho 100

Coastal Forest

510445463Analyzed
4v4 RM · 23h ago on Oct 1, 2026· 28m 31s· 8 players
Game mode
Random Map
Map size
Large (8 player)
Population
200
Speed
Normal
Resources
Standard
Victory
Conquest
Starting age
Dark Age
Ending age
Imperial Age
RankedLock teamsTeams togetherTeam positionsShared explorationLock speedFull tech treeHidden civsTurbo modeCheats
Victory
Defeat
🇭🇰 Japanese · Hong Kong SAR China
1163
+11
🇭🇰 Khmer · Hong Kong SAR China
1100
+13
🇭🇰 Maya · Hong Kong SAR China
934
+20
🇭🇰 Celts · Hong Kong SAR China
901
+21
🇧🇴 Britons · Bolivia
1064
-18
🇲🇽 Mongols · Mexico
1036
-17
🇨🇦 Teutons · Canada
1022
-16
🇨🇳 Magyars · China
985
-14
waiyeung
11:19 Feudal Age
12:50 Double-Bit Axe
15:50 Castle Age
14:09 Horse Collar
14:20 Gold Mining
15:40 Bloodlines
16:19 Scale Barding Armor
16:03 Loom
17:41 Fishing Lines
21:00 Forging
22:42 Wheelbarrow
22:41 Husbandry
24:46 Stone Mining
27:11 Town Watch
27:41 Hand Cart
fung1118kt
12:13 Feudal Age
13:36 Loom
17:34 Castle Age
15:36 Double-Bit Axe
15:37 Horse Collar
18:39 Wheelbarrow
20:26 Hand Cart
22:19 Heavy Plow
24:09 Bow Saw
octopus.quentin
1:41 Loom
1:50 Loom
12:05 Feudal Age
12:58 Double-Bit Axe
16:47 Horse Collar
22:02 Bloodlines
25:24 Castle Age
27:31 Bow Saw
cheungkio
12:37 Feudal Age
13:03 Double-Bit Axe
20:15 Castle Age
18:29 Stone Mining
18:33 Gold Mining
18:56 Fletching
19:08 Padded Archer Armor
19:27 Fishing Lines
21:07 Bow Saw
23:31 Stone Shaft Mining
22:59 Bodkin Arrow
23:10 Thumb Ring
24:24 Ballistics
30:00 Imperial Age
NeessQuiick
11:26 Feudal Age
11:42 Loom
16:03 Castle Age
14:47 Double-Bit Axe
15:22 Stone Mining
25:17 Fletching
25:33 Scale Barding Armor
26:48 Pikeman
Alt22
4:51 Loom
12:35 Feudal Age
12:38 Man-at-Arms
20:27 Castle Age
19:05 Double-Bit Axe
22:56 Fishing Lines
24:42 Bow Saw
25:16 Horse Collar
26:13 Squires
26:33 Gillnets
28:05 Pikeman
28:45 Squires
SCON
11:02 Feudal Age
17:02 Castle Age
15:55 Double-Bit Axe
15:53 Horse Collar
23:30 Gold Mining
24:19 Wheelbarrow
26:36 Pikeman
Mob Psycho 100
3:24 Loom
12:39 Feudal Age
17:01 Castle Age
18:40 Double-Bit Axe
Connection lost

Rejoining the realm…

Still unreachable

The connection could not be restored.

Session expired

The server has moved on; the page needs a fresh start.